 Dungeon Crawl Stone Soup version 0.27-a0-1528-g90fbb72469 (webtiles) character file.

Game seed: 11114705224714220957

177 Conn the Digger (level 5, 0/31 HPs)
             Began as an Octopode Earth Elementalist on July 11, 2021.
             Was a Follower of Uskayaw.
             Succumbed to a scorpion's poison
             ... on level 4 of the Dungeon.
             The game lasted 00:08:30 (3679 turns).

Conn the Digger (Octopode Earth Elementalist)       Turns: 3679, Time: 00:08:31

Health: 0/31       AC:  1    Str:  8      XL:     5   Next: 57%
Magic:  2/8        EV: 28    Int: 18      God:    Uskayaw [*.....]
Gold:   154        SH:  0    Dex: 11 (12) Spells: 8/9 levels left

rFire    . . .     SeeInvis .   d - +2 whip (freeze)
rCold    . . .     Faith    .   (no shield)
rNeg     . . .     Spirit   .   (helmet restricted)
rPois    .         Reflect  .   g - amulet of the acrobat
rElec    .         Harm     .   (no ring)
rCorr    .         Rampage  .   (no ring)
Will     .....                  (no ring)
Stlth    +++.......             (no ring)
HPRegen  0.10/turn              (no ring)
MPRegen  0.11/turn              (no ring)
                                (no ring)
                                (no ring)

@: lethally poisoned (0 -> -1), acrobatic
A: almost no armour, amphibious, 8 rings, camouflage 1, gelatinous body 1,
(nimble swimmer 1), tentacles
a: Renounce Religion, Stomp


You were on level 4 of the Dungeon.
You worshipped Uskayaw.
Uskayaw was noncommittal.
You visited 1 branch of the dungeon, and saw 4 of its levels.

You collected 154 gold pieces.

Inventory:

Hand Weapons
 a - a +0 short sword
 d - a +2 whip of freezing (weapon)
Missiles
 b - 70 stones
 c - 4 atropa-tipped darts
 f - 3 large rocks
 j - 2 throwing nets
 l - 9 poisoned darts
Jewellery
 g - an amulet of the acrobat (around mantle)
Wands
 m - a wand of flame (21)
Scrolls
 e - a scroll of identify {unknown}
 h - a scroll of magic mapping {unknown}
 i - a scroll of amnesia {unknown}
 k - 4 scrolls of teleportation {unknown}
 n - a scroll of holy word {unknown}


   Skills:
 + Level 0.1 Fighting
 + Level 1.2 Short Blades
 + Level 2.1 Dodging
 + Level 3.2 Stealth
 + Level 0.8 Unarmed Combat
 + Level 2.5 Spellcasting
 + Level 1.0 Transmutations
 * Level 4.6 Earth Magic
 * Level 2.2 Invocations


You had 8 spell levels left.
You knew the following spells:

 Your Spells              Type           Power      Damage    Failure   Level
a - Sandblast             Erth           36%        2d10      2%          1

Your spell library contained the following spells:

 Spells                   Type           Power      Damage    Failure   Level
 Passwall                 Tmut/Erth      10%        N/A       9%          2
 Stone Arrow              Conj/Erth      20%        3d8       21%         3
 Petrify                  Tmut/Erth      12%        N/A       47%         4


Dungeon Overview and Level Annotations

Branches:
Dungeon (4/15)
 Temple: D:4-7

Altars:
Trog
Uskayaw


Innate Abilities, Weirdness & Mutations

You cannot wear most types of armour.
You are amphibious.
You can wear up to eight rings at the same time.
Your skin changes colour to match your surroundings (Stealth+).
Your rubbery body absorbs attacks. (AC +1, EV +1)
((You are camouflaged near water. (Stealth+)))
You have tentacles for arms and can constrict up to eight enemies at once.


Message History

The blast of sand misses the scorpion.
The scorpion stings you!
You are poisoned.
The scorpion poisons you! The scorpion barely misses you.
Casting: Sandblast (safe; 2% risk of failure)
Confirm with . or Enter, or press ? or * to list all spells.
Aiming: Sandblast (safe; 2% risk of failure)
Press: ? - help, Shift-Dir - straight line, f/p - scorpion
Aim: a scorpion (lightly wounded, 79% to hit)
The blast of sand hits the scorpion.
The scorpion is moderately wounded.
You feel very sick. The scorpion stings you.
Casting: Sandblast (safe; 2% risk of failure)
Confirm with . or Enter, or press ? or * to list all spells.
Okay, then.
Aiming: Sandblast (safe; 2% risk of failure)
Press: ? - help, Q - select action, (/) - cycle Shift-Dir - straight line, f/p - scorpion
Aim: a scorpion (moderately wounded, 79% to hit)
Okay, then.
Unknown command.
Unknown command.
You stomp with the beat, sending a shockwave through the revellers around you!
The scorpion is severely wounded.
You can no longer stomp with the beat.
You feel sick. The scorpion stings you.
* * * LOW HITPOINT WARNING * * *
You can now stomp with the beat.
You aren't carrying any potions.
* * * LOW HITPOINT WARNING * * *
You feel sick.
* * * LOW HITPOINT WARNING * * *
You feel sick.
* * * LOW HITPOINT WARNING * * *
You feel sick.
* * * LOW HITPOINT WARNING * * *
You feel sick. The scorpion misses you.
* * * LOW HITPOINT WARNING * * *
You feel sick.
You aren't carrying any potions.
You die...

### ######..### # #..........
# # #.####.#### .# #.# # #.#
# #.# # ###########.##.# ##.#
# #.............. #..# #
#.###.####..####.###.#####
##.###..s.@...# #..........
#...#######.#.# #####.#####
###...######....#######.#
#####.......#....#..........#
..............##.....########
#####.........###.###.....
###...<...)..## #.###
#...##.....# ..# #######.##.#
.<.


You could see a scorpion.

Vanquished Creatures
  A jelly (D:4)
  4 gnolls (D:2)
  2 adders (D:3)
  A white imp (D:3)
  2 worms
  4 dart slugs
  5 orcs (D:3)
  4 endoplasms
  5 giant cockroaches
  5 goblins
  5 hobgoblins
  4 kobolds
  5 quokkas
  10 ball pythons
  3 bats
  3 frilled lizards
  5 rats
68 creatures vanquished.

Notes
Turn   | Place    | Note
-------+----------+-------------------------------------------
     0 | D:1      | Conn the Octopode Earth Elementalist began the quest for
                  | the Orb.
     0 | D:1      | Reached XP level 1. HP: 11/11 MP: 3/3
    91 | D:1      | Found a faded altar of an unknown god.
   103 | D:1      | Became a worshipper of Uskayaw the Reveller
   103 | D:1      | Reached * piety under Uskayaw
   186 | D:1      | Reached XP level 2. HP: 13/17 MP: 5/5
   291 | D:1      | Reached ** piety under Uskayaw
   293 | D:1      | Reached *** piety under Uskayaw
   301 | D:1      | Reached **** piety under Uskayaw
  1138 | D:1      | Reached XP level 3. HP: 21/21 MP: 4/6
  1297 | D:2      | Reached skill level 1 in Invocations
  1298 | D:2      | Reached skill level 1 in Short Blades
  1324 | D:2      | Reached XP level 4. HP: 8/27 MP: 0/7
  2286 | D:3      | Reached skill level 4 in Earth Magic
  2473 | D:3      | Found a bloodstained altar of Trog.
  2602 | D:3      | Reached XP level 5. HP: 19/31 MP: 6/8
  3678 | D:4      | HP: 1/31 [poisoned by a scorpion]
  3679 | D:4      | Succumbed to a scorpion's poison

Illustrated notes

Levels and vault maps discovered:
D:1:      minmay_arrival_four_houses, layout_basic, basic_ecumenical_altar
D:2:      layout_basic
D:3:      layout_loops_ring, mainiacjoe_overflow_chevrons,
          minmay_misc_feat_roman
D:4:      layout_loops_ring, serial_shops, shop_statue, shop

Skill      XL: |  1  2  3  4 |
---------------+-------------+-----
Stealth        | 3 |  3.2
Invocations    | 1 2 |  2.2
Short Blades   | 1 |  1.2
Earth Magic    | 4 |  4.6
Fighting       | |  0.1
Dodging        | |  2.1
Unarmed Combat | |  0.8
Spellcasting   | |  2.5
Transmutations | |  1.0

Action                   |  1- 3 |  4- 6 || total
-------------------------+-------+-------++-------
Melee: Short sword       |    44 |       ||    44
       Constrict         |    11 |     8 ||    19
       Tentacles         |     5 |     4 ||     9
       Unarmed           |     2 |       ||     2
       Punch             |     1 |       ||     1
       Whip              |       |    26 ||    26
 Cast: Sandblast         |    16 |    56 ||    72
Invok: Stomp             |       |     1 ||     1
  Use: Potion            |     2 |       ||     2
 Stab: Sleeping          |     2 |     4 ||     6
       Paralysed         |     1 |       ||     1
Armor: Skin              |     4 |     1 ||     5
Dodge: Dodged            |    40 |    19 ||    59

Table legend: (Time is in decaauts)
 A = Elapsed time spent in this place.
 B = Non-inter-level travel time spent in this place.
 C = Inter-level travel time spent in this place.
 D = Time resting spent in this place.
 E = Time spent auto-exploring this place.
 F = Levels seen in this place.
 G = Mean time per level.
                   A        B        C        D        E       F      G
               +--------+--------+--------+--------+--------+-----+--------+
         Total |   3683 |   3683 |      0 |    197 |   2711 |   4 |  920.8 |
       Dungeon |   3683 |   3683 |      0 |    197 |   2711 |   4 |  920.8 |
               +--------+--------+--------+--------+--------+-----+--------+

Top non-repeatable levels by time:
     D:3: 1214 daAuts
     D:1: 1202 daAuts
     D:2: 1001 daAuts
     D:4: 265 daAuts
